Unix NetHack Version 5.0.0-0 post-release - last build Jun 10 2026 00:39:30 (3ee93aec679c4c4259841fe613dc97188e26a321,branch:main).

Game began 2026-06-24 08:06:21, ended 2026-06-25 02:12:37.

JohnDarcy, neutral male human Tourist

   ------                                                ---     -----
 ---..|.|                   ------------------------------.|    --.|.---
--......| ----    ----------|.....................-|.......|  ---......---
|......-- |..---- |.||......|....--------.....#....|..--...|---..........|
--....--  |...|.--|.-|.)....-....|.!(|..|........{....-|...||.........<..|
--....--  |......||..|......|.)..-.%%|..|..----.....#..|...||..---.......----
|......|  --.|...---.--------....----|..|..|..|........|...|---- --.........|
--.....--  -----................)(...|-.-..|..|-|--...----.|      |.........|
 --.--..-- --.--.....-------------|---.....-+-|...|...|..|.|      |........--
 --.|--..---....--...|...|...|..|.............|(((|...+..|--      --..--.---
--..| --.......----..|...-...|..|...{..------+|(((|...------       ----|.--
|..--  -----.-.|  |..|...|...-+--......|..(|..|---|........|           |..----
|..|    |..|...|  --.-----...^.@.......[..(|..|...|........|          ---....|
----    |.....%-----.........-@---|--..|((.|--|...|..-----.|         --[*....|
        |............--+---|-|..|...|..-----..|...|..|...|.|         |.[------
        --.......--..|...|...|..|..(|.[.......--+--..+...|.-----------..|
         --.>|...||..|...|...|..|...|................|...|............[.|
          ----------.|--------------|................|---|.....----------
                   ---              ------------....--   ----.--
                                               |..---       ---
                                               ----
JohnDarcy the Excursionist  St:16 Dx:9 Co:17 In:13 Wi:11 Ch:16  Neutral
Dlvl:6  $:766 HP:0(63) Pw:26(26) AC:-6 Xp:7 T:9432  Hungry   Burdened

Latest messages:
 You throw 2 darts.
 The 1st dart hits the rothe!
 You kill the rothe!
 You have a little trouble lifting x - 5 uncursed daggers (15 in total).
 Sponge eats a wolf corpse.
 You have a little trouble lifting a - 2 +2 darts (at the ready) (10 in total).
 You have trouble lifting a rothe corpse.  Continue? [ynq] (q) y
 You have trouble lifting J - a rothe corpse.
 You rebalance your load.  Movement is difficult.
 What do you want to drop? [$a-sv-zA-EG-LQS-WYZ or ?*] J
 You drop a rothe corpse.
 Your movements are only slowed slightly by your load.
 You have a little trouble lifting M - a scroll labeled DUAM XNAHT.
 You see here 2 +2 darts.
 You have a little trouble lifting a - 2 +2 darts (at the ready) (12 in total).
 Sponge eats a wolf corpse.
 You see here a +2 dart.
 You have a little trouble lifting a - a +2 dart (at the ready) (13 in total).
 You hear someone praising Offler.
 Sponge eats a rothe corpse.
 You see here a +2 dart.
 You have a little trouble lifting a - a +2 dart (at the ready) (14 in total).
 What do you want to use or apply? [bcosABIKQWY or ?*] c
 In what direction? 1
 The dwarf is blinded by the flash!
 The dwarf gets angry!
 "Halt!  You're under arrest!"
 An angry guard is approaching!
 The dwarf wields a dagger!
 What do you want to throw? [$ax or ?*] a
 In what direction? 1
 The dart hits the dwarf!
 The dwarf jumps into a trap door!
 The watch captain wields a silver saber!
 There is a broken door here.
 You see here a +2 dart.
 What do you want to zap? [bBKQWY or ?*] ?
 In what direction? 9
 The bolt of cold hits the watch captain!
 The bolt of cold bounces!
 The watch captain swings her silver saber.
 The watch captain hits!
 The watch captain swings her silver saber.
 The watch captain hits again!
 You die...
 Do you want your possessions identified? [ynq] (y) y
 Do you want to see your attributes? [ynq] (y) y
 Do you want an account of creatures vanquished? [ynaq] (y) y
 Do you want to see your conduct and achievements? [ynq] (y) y
 Do you want to see the dungeon overview? [ynq] (y) y

Inventory:
 Coins    ('$')
  $ - 766 gold pieces
 Weapons  (')')
  a - 13 +2 darts (at the ready)
  D - a blessed +0 dagger (weapon in right hand)
  x - 15 +1 daggers
 Armor    ('[')
  i - an uncursed +0 dwarvish iron helm (being worn)
  j - an uncursed +0 pair of iron shoes (being worn)
  r - an uncursed +0 dwarvish roundshield (being worn)
  m - an uncursed +4 Hawaiian shirt with a sea turtle motif (being worn)
  w - a blessed +0 banded mail (being worn)
 Comestibles  ('%')
  n - an uncursed banana
  y - an uncursed carrot
  g - 7 uncursed food rations
  h - an uncursed fortune cookie
  e - 2 uncursed pancakes
 Scrolls  ('?')
  S - an uncursed scroll of blank paper
  v - a blessed scroll of confuse monster
  H - an uncursed scroll of create monster
  M - an uncursed scroll of destroy armor
  U - a blessed scroll of earth
  V - an uncursed scroll of earth
  L - an uncursed scroll of enchant weapon
  Z - an uncursed scroll of fire
  p - an uncursed scroll of identify
  l - a blessed scroll of magic mapping
  k - 2 uncursed scrolls of magic mapping
  f - an uncursed scroll of taming
  q - 2 uncursed scrolls of teleportation
 Potions  ('!')
  G - a blessed potion of healing
  C - 3 uncursed potions of healing
  E - an uncursed potion of levitation
  d - a cursed potion of see invisible
  z - a cursed potion of sleeping
 Rings    ('=')
  T - an uncursed +1 ring of gain constitution
 Wands    ('/')
  W - a wand of cold (0:2)
  K - a wand of lightning (0:5)
  b - a wand of make invisible (0:3)
  B - a wand of sleep (0:4)
  Q - a wand of slow monster (0:6)
  Y - a wand of striking (0:2)
 Tools    ('(')
  o - an uncursed credit card
  c - an expensive camera (0:13)
  A - an uncursed tin whistle
  s - an uncursed towel
  I - an uncursed towel

JohnDarcy the Tourist's attributes:

Background:
 You were an Excursionist, a level 7 male human Tourist.
 You were neutral, on a mission for The Lady
 who was opposed by Blind Io (lawful) and Offler (chaotic).
 You were right-handed.
 You were in the Gnomish Mines, on level 6.
 You entered the dungeon 9432 turns ago.
 It was nighttime.
 You had 905 experience points, 375 more were needed to attain level 8.

Basics:
 You had 0 out of 63 hit points.
 You had all 26 energy points (spell power).
 Your armor class was -6.
 Your wallet contained 766 zorkmids.
 Autopickup was off.

Final Characteristics:
 Your strength was 16 (limit:18/100).
 Your dexterity was 9 (limit:18).
 Your constitution was 17 (limit:18).
 Your intelligence was 13 (limit:18).
 Your wisdom was 11 (limit:18).
 Your charisma was 16 (limit:18).

Final Status:
 You were hungry.
 You were burdened; movement was slightly slowed.
 You were wielding a dagger.
 You had basic skill with dagger.

Final Attributes:
 You were piously aligned.
 You were telepathic.
 You were warded.
 You are dead.

Miscellaneous:
 You didn't encounter any bones levels.
 Total elapsed playing time was 2 hours, 19 minutes and 3 seconds.

Major events:
 Turn
    1: JohnDarcy the neutral male human Tourist entered the dungeon
  501: entered the Gnomish Mines
 1176: attained the rank of Sightseer (level 3)
 2645: entered Sokoban
 3030: completed 1st Sokoban level
 3850: completed 2nd Sokoban level
 4388: completed 3rd Sokoban level
 4552: attained the rank of Excursionist (level 6)
 8375: reached Mine Town
 9432: killed by a watch captain

You didn't know any spells.

Skills:
 Fighting Skills
   bare handed combat [Unskilled]
   two weapon combat  [Unskilled]
   riding             [Unskilled]
 Weapon Skills
   dagger             [Basic]
   knife              [Unskilled]
   axe                [Unskilled]
   pick-axe           [Unskilled]
   short sword        [Unskilled]
   broadsword         [Unskilled]
   long sword         [Unskilled]
   two-handed sword   [Unskilled]
   saber              [Unskilled]
   mace               [Unskilled]
   morning star       [Unskilled]
   flail              [Unskilled]
   hammer             [Unskilled]
   quarterstaff       [Unskilled]
   polearms           [Unskilled]
   spear              [Unskilled]
   trident            [Unskilled]
   lance              [Unskilled]
   bow                [Unskilled]
   sling              [Unskilled]
   crossbow           [Unskilled]
   dart               [Skilled]
   shuriken           [Unskilled]
   boomerang          [Unskilled]
   whip               [Unskilled]
   unicorn horn       [Unskilled]
 Spellcasting Skills
   divination spells  [Unskilled]
   enchantment spells [Unskilled]
   escape spells      [Unskilled]

Voluntary challenges:
 Character rerolling was not enabled.
 You never genocided any monsters.
 You never polymorphed an object.
 You never changed form.
 You used no wishes.
 You violated the special Sokoban rules once.
Achievements:
 You entered the Gnomish Mines.
 You entered a shop.
 You attained the rank of Sightseer.
 You entered Sokoban.
 You attained the rank of Excursionist.
 You entered Minetown.
 You entered a temple.

 The Dungeons of Doom: levels 1 to 6
    Level 1:
       An altar, many fountains.
    Level 2:
       A food shop, some fountains.
       Stairs down to The Gnomish Mines.
    Level 3:
       A grave.
    Level 4:
       A grave.
    Level 5:
       Many fountains.
       Oracle of Delphi.
    Level 6:
       A fountain.
       Stairs up to Sokoban, level 5.
 The Gnomish Mines: levels 3 to 7
    Level 3:
    Level 4:
    Level 5:
    Level 6: <- You were here.
       Many shops, a temple and an altar, some fountains, some trees.
       Final resting place for
          you, killed by a watch captain.
    Level 7:
 Sokoban: levels 5 up to 2
    Level 2:
       Unsolved.
    Level 3:
       Solved.
    Level 4:
       Solved.
    Level 5:
       Solved.


Vanquished creatures:
  a ghost
  a giant mimic
  2 small mimics
  a tiger
  a human mummy
  a quivering blob
  5 wolves
  a leprechaun
  a werewolf
  a dingo
  a housecat
  a jaguar
  a wood nymph
  a water nymph
  a mountain nymph
  a rock piercer
  2 ponies
  2 yellow lights
  4 shriekers
  a violet fungus
  8 gnome leaders
  3 kobold mummies
  a black naga hatchling
  a golden naga hatchling
  2 gray oozes
 an elf zombie
  3 straw golems
  a giant ant
  a little dog
  6 floating eyes
 11 dwarves
  2 homunculi
  2 kobold leaders
  2 kobold shamans
 11 hill orcs
 15 rothes
  a rabid rat
  5 giant bats
  a dwarf zombie
  5 iguanas
 an acid blob
  4 hobbits
  5 manes
  a hobgoblin
  a giant rat
  3 cave spiders
  2 yellow molds
  a green mold
 33 gnomes
 16 garter snakes
  4 gnome zombies
  4 geckos
  2 jackals
  3 foxes
  2 kobolds
  a goblin
  2 sewer rats
 14 grid bugs
  4 lichens
 12 newts
227 creatures vanquished.

No species were genocided or became extinct.

Game over:
                       ----------
                      /          \
                     /    REST    \
                    /      IN      \
                   /     PEACE      \
                  /                  \
                  |    JohnDarcy     |
                  |      766 Au      |
                  |   killed by a    |
                  |  watch captain   |
                  |                  |
                  |                  |
                  |       2026       |
                 *|     *  *  *      | *
        _________)/\\_//(\/(/\)/\//\/|_)_______

Aloha JohnDarcy the Tourist...

You died in The Gnomish Mines on dungeon level 6 with 4122 points,
and 766 pieces of gold, after 9432 moves.
You were level 7 with a maximum of 63 hit points when you died.

